Map: 나이트쉐이드 - 래더

Players

Scarlett

  • Race: Zerg Zerg
  • Spawn Location: 11:00

Bunny - Winner!

  • Race: Terran Terran
  • League: Diamond
  • Spawn Location: 5:00

VOD

Have the link to the VOD?

Description

Time

  • Played on: Jan. 14, 2020, 1:53 p.m.
  • Length: 9:52
Show
View Real Time Build Order
Export as new Build Order

Scarlett Zerg 

Build Orders: Hatch First, Muta Ling Bane 

Get SALT Encoding   

  12  0:00  Drone  
  13  0:12  Drone  
  14  0:16  Overlord  
  14  0:23  Extractor, Drone  
  15  0:35  Drone  
  16  0:47  Hatchery  
  15  0:51  Drone  
  15  0:55  Drone  
  17  0:58  Drone  
  18  1:09  Extractor  
  17  1:13  Spawning Pool  
  17  1:17  Drone  
  17  1:19  Drone  
  18  1:27  Drone  
  19  1:38  Drone  
  20  1:50  Drone  
  21  2:00  Queen x2  
  26  2:01  Zergling x4  
  27  2:10  Overlord  
  27  2:11  Drone  
  28  2:19  Extractor  
  28  2:20  Drone  
  28  2:30  Drone  
  28  2:31  Drone x2  
  28  2:36  Queen, Pneumatized Carapace  
  34  2:43  Overlord  
  33  2:44  Drone  
  34  2:52  Drone  
  34  2:53  Drone  
  36  3:08  Hatchery  
  36  3:09  Drone x2  
  36  3:11  Drone  
  36  3:12  Drone x4  
  42  3:17  Overlord  
  42  3:23  Queen  
  44  3:27  Metabolic Boost  
  44  3:31  Overlord  
  44  3:36  Drone  
  45  3:41  Queen  
  45  3:42  Zergling x2  
  45  3:43  Zergling x4  
  45  3:48  Zergling x4  
  52  3:52  Overlord  
  52  3:59  Queen  
  52  4:01  Drone x4  
  58  4:04  Extractor, Drone  
  58  4:08  Baneling Nest  
  57  4:10  Overlord  
  57  4:21  Queen  
  59  4:25  Overlord  
  59  4:28  Drone x5  
  64  4:32  Overlord  
  64  4:33  Drone  
  64  4:35  Drone x2  
  67  4:42  Drone  
  67  4:43  Drone x3  
  71  4:50  Drone x2  
  71  4:51  Lair  
  73  4:54  Drone x2  
  75  5:01  Baneling x3  
  75  5:02  Zergling x6, Baneling x2  
  75  5:04  Extractor  
  76  5:12  Drone x3  
  78  5:16  Evolution Chamber  
  78  5:17  Evolution Chamber  
  78  5:20  Drone x5  
  81  5:26  Drone x5  
  86  5:31  Spore Crawler  
  86  5:32  Spore Crawler, Extractor, Drone  
  86  5:34  Extractor, Drone x2  
  85  5:39  Overlord  
  85  5:40  Overlord  
  85  5:43  Spore Crawler  
  85  5:45  Zergling x4  
  84  5:51  Drone x3  
  85  5:59  Zergling x2  
  85  6:00  Zergling x6  
  85  6:02  Zergling x4  
  85  6:06  Drone x2  
  85  6:11  Drone x3  
  88  6:17  Drone x3  
  86  6:20  Zergling x2  
  86  6:23  Drone  
  87  6:27  Extractor, Drone x3  
  87  6:32  Overlord  
  89  6:33  Zerg Melee Weapons Level 1  
  89  6:34  Zerg Ground Armor Level 1  
  89  6:37  Drone  
  89  6:39  Overlord x2  
  90  6:43  Overlord  
  90  6:44  Overlord  
  90  6:50  Centrifical Hooks  
  90  6:56  Spire  
  90  6:58  Drone x3  
  92  7:06  Zergling x6  
  95  7:09  Zergling x2  
  95  7:10  Zergling x4  
  95  7:12  Baneling x3  
  95  7:13  Baneling x4  
  95  7:14  Baneling x3  
  95  7:15  Hatchery  
  97  7:18  Zergling x2  
  97  7:19  Zergling x6  
  101  7:29  Zergling x2  
  101  7:30  Zergling x12  
  101  7:35  Zergling x6  
  109  7:41  Extractor, Drone  
  109  7:44  Drone x2  
  108  7:48  Hatchery  
  107  7:53  Zergling x18  
  116  8:01  Zergling x6  
  119  8:12  Drone x3  
  122  8:22  Overlord x3  
  117  8:33  Zergling x16  
  103  8:36  Mutalisk, Baneling x3  
  103  8:37  Mutalisk x2, Baneling x5  
  103  8:41  Mutalisk  
  109  8:45  Mutalisk x3  
  117  8:48  Overseer  
  117  8:53  Baneling x7  
  117  8:57  Drone x5  
  117  9:01  Extractor  
  121  9:04  Extractor  
  121  9:06  Overlord  
  120  9:10  Drone  
  120  9:11  Drone x4  
  120  9:12  Drone  
  120  9:14  Mutalisk x3  
  121  9:35  Drone x9  
Show
View Real Time Build Order
Export as new Build Order

Bunny Terran - Winner!

Build Orders: Hellion Opening, Reaper Expand 

Get SALT Encoding   

  12  0:01  SCV  
  13  0:13  SCV  
  14  0:17  Supply Depot  
  14  0:25  SCV  
  15  0:39  SCV  
  15  0:40  Barracks  
  16  0:43  Refinery  
  16  0:51  SCV  
  17  1:03  SCV  
  18  1:15  SCV  
  19  1:28  Reaper, Orbital Command  
  20  1:39  Command Center  
  20  1:52  Supply Depot  
  20  1:54  SCV  
  21  2:00  Marine  
  22  2:06  SCV  
  23  2:09  Factory  
  23  2:13  Refinery  
  23  2:19  SCV  
  23  2:21  Barracks Reactor  
  24  2:31  SCV  
  25  2:44  SCV  
  26  2:51  Orbital Command  
  26  2:54  Starport  
  26  2:56  SCV  
  27  3:02  Hellion  
  27  3:03  Hellion  
  31  3:08  SCV  
  32  3:17  SCV  
  33  3:20  SCV  
  33  3:24  Hellion x2  
  33  3:26  Supply Depot  
  38  3:30  SCV  
  38  3:31  Viking  
  41  3:36  Fusion Core  
  41  3:43  SCV x2  
  41  3:46  Hellion  
  41  3:48  Hellion  
  47  3:50  Supply Depot  
  47  3:55  SCV x2  
  49  4:02  Starport Tech Lab  
  49  4:07  SCV x2  
  51  4:15  Supply Depot  
  51  4:19  SCV x2  
  59  4:31  Battlecruiser  
  59  4:34  Command Center  
  59  4:38  Barracks Tech Lab  
  59  4:39  SCV x2  
  59  4:44  Supply Depot  
  61  4:51  SCV x2  
  63  4:56  Stimpack  
  63  4:58  Barracks x2  
  63  5:03  SCV x2  
  63  5:04  Factory Reactor  
  65  5:11  Marine  
  66  5:15  SCV x2  
  66  5:17  Refinery, Engineering Bay x2  
  66  5:18  Refinery  
  68  5:27  SCV x2  
  70  5:31  Marine  
  70  5:32  Supply Depot  
  71  5:39  SCV  
  72  5:43  Starport Reactor  
  72  5:45  Terran Infantry Weapons Level 1, Terran Infantry Armor Level 1  
  72  5:47  Marine x2  
  72  5:49  Marine  
  75  5:50  SCV  
  75  5:52  Orbital Command  
  75  5:53  SCV  
  77  5:59  Marine  
  77  6:00  Marine  
  77  6:05  Marine  
  77  6:08  SCV x2  
  78  6:13  Siege Tank  
  78  6:16  Marine x2  
  78  6:17  Marine x2  
  85  6:20  Orbital Command  
  85  6:23  SCV x2, Marine  
  88  6:27  Medivac x2  
  92  6:34  Marine x2  
  92  6:35  SCV x2, Marine x2  
  98  6:41  Marine  
  99  6:48  SCV x2  
  99  6:53  Marine  
  101  6:54  Supply Depot  
  101  6:55  Supply Depot  
  101  6:56  Supply Depot  
  101  6:57  Supply Depot  
  101  6:58  Armory  
  101  7:05  Barracks x2  
  101  7:07  Refinery  
  101  7:09  Combat Shield, Refinery  
  101  7:15  Marine x4  
  101  7:16  SCV, Medivac x2, Siege Tank  
  101  7:19  SCV x2  
  101  7:21  Supply Depot  
  115  7:28  SCV  
  116  7:31  SCV x2  
  116  7:35  Marine x3  
  116  7:36  Marine x2  
  123  7:40  SCV  
  123  7:43  Factory  
  124  7:44  Command Center  
  124  7:49  SCV x2  
  124  7:52  SCV  
  124  7:58  Medivac x2  
  127  8:02  SCV x2  
  127  8:05  SCV, Barracks Reactor  
  132  8:07  Missile Turret, Barracks Reactor  
  132  8:10  Missile Turret x2  
  132  8:15  Marine x5  
  137  8:20  Widow Mine  
  139  8:28  Medivac x2  
  139  8:33  Marine x2  
  124  8:34  Marine  
  124  8:35  Marine x2  
  124  8:38  Factory Reactor  
  127  8:41  Widow Mine  
  129  8:48  SCV x3  
  129  8:51  Marine x3  
  129  8:52  Marine x4  
  129  8:53  Marine x2  
  141  8:58  Medivac  
  143  9:05  Barracks x2  
  143  9:06  SCV x3, Barracks  
  143  9:08  Marine  
  143  9:09  Marine x2  
  151  9:10  Widow Mine  
  151  9:14  Marine, Marauder  
  151  9:15  Marine x4  
  156  9:25  Widow Mine  
  156  9:30  Marine  
  156  9:32  Marine, Missile Turret  
Tags
 
Add a new tag
Caveats
  • Supply blocks, unpowered buildings, or Contaminate may cause inaccurate times.
  • Supply counts are checked every 10 seconds.